 Dungeon Crawl Stone Soup version 0.20.1-1-g8b1a95d (webtiles) character file.

63 birkhead the Sneak (level 4, -3/28 HPs)
             Began as an Octopode Wizard on Dec 6, 2017.
             Killed from afar by an orc wizard (9 damage)
             ... with a magic dart
             ... on level 3 of the Dungeon.
             The game lasted 00:49:15 (2903 turns).

birkhead the Sneak (Octopode Wizard)                Turns: 2903, Time: 00:49:16

Health: -3/28      AC:  1    Str:  6    XL:     4   Next: 10%
Magic:  0/8        EV: 13    Int: 21    God:
Gold:   111        SH:  0    Dex: 10    Spells: 2/9 levels left

rFire    . . .     SeeInvis .   e - +3 short sword
rCold    . . .     Gourm    .   (no shield)
rNeg     . . .     Faith    .   a - +0 hat
rPois    .         Spirit   +   l - amulet of guardian spirit
rElec    .         Reflect  .   g - ring of stealth
rCorr    .         Harm     .   (no ring)
MR       .....                  (no ring)
Stlth    ++++......             (no ring)
Regen    0.1/turn               (no ring)
MPRegen  0.2/turn               (no ring)
                                (no ring)
                                (no ring)

@: no status effects
A: almost no armour, stealthy swim, amphibious, 8 rings, constrict 8, camouflage
1, gelatinous body 1
a: no special abilities


You were on level 3 of the Dungeon.
You were not hungry.

You visited 1 branch of the dungeon, and saw 3 of its levels.

You collected 111 gold pieces.

Inventory:

Hand Weapons
 e - a +3 short sword (weapon)
 h - a +0 blowgun
Missiles
 o - 3 tomahawks (quivered)
 r - 20 poisoned needles
Armour
 a - a +0 hat (worn)
Jewellery
 g - a ring of stealth (left tentacle)
 l - an amulet of guardian spirit (around mantle)
Scrolls
 d - a scroll of identify
 j - 2 scrolls of recharging
 m - a scroll of enchant weapon {unknown}
 q - 2 scrolls of remove curse
 t - a scroll of teleportation {unknown}
Potions
 f - a potion of flight
 n - 2 potions of curing
 p - a potion of might {unknown}
 s - a potion of degeneration {unknown}
Books
 b - a book of Minor Magic

   Spells                             Type                      Level
   a - Magic Dart                     Conjuration                  1
   b - Blink                          Translocation                2
   c - Call Imp                       Summoning                    2
   d - Slow                           Hexes                        2
   e - Conjure Flame                  Conjuration/Fire             3
   f - Mephitic Cloud                 Conjuration/Poison/Air       3
Comestibles
 c - 4 bread rations
 i - a meat ration
 k - 2 royal jellies


   Skills:
 + Level 1.0 Fighting
 - Level 2.0 Dodging
 + Level 3.9 Stealth
 + Level 3.2 Spellcasting
 + Level 1.9 Conjurations
 + Level 0.4 Hexes
 + Level 1.5 Summonings
 + Level 1.3 Translocations


You had 2 spell levels left.
You knew the following spells:

 Your Spells              Type           Power        Failure   Level  Hunger
a - Magic Dart            Conj           ##..         6%          1    None
b - Slow                  Hex            #.......     17%         2    ##.....
c - Call Imp              Summ           #.......     11%         2    ##.....
d - Blink                 Tloc           N/A          12%         2    ##.....


Dungeon Overview and Level Annotations

Branches:
Dungeon (3/15)

Altars:
Ashenzari
Cheibriados
Okawaru

Annotations:
D:3 Doomgape's ghost, amateur SpAK


Innate Abilities, Weirdness & Mutations

You cannot wear most types of armour.
You are very stealthy in the water. (Stealth+)
You are amphibious.
You can wear up to eight rings at the same time.
You can use your tentacles to constrict eight enemies at once.
Your skin changes colour to match your surroundings (Stealth+).
Your rubbery body absorbs attacks. (AC +1, EV +1)


Message History

You see here a short sword.
Your crimson imp disappears in a puff of smoke!
A rat comes into view.
The orc wizard casts a spell at you. The puff of frost hits you!
* * * LOW HITPOINT WARNING * * *
The rat closely misses you.
Casting: Slow
Confirm with . or Enter, or press ? or * to list all spells.
A beastly little devil appears in a puff of flame.
The orc wizard hits you with a dagger.
* * * LOW HITPOINT WARNING * * *
The rat barely misses you.
The orc wizard points at you and mumbles some strange words.
The puff of frost misses you.
Your crimson imp barely misses the orc wizard.
Your crimson imp closely misses the orc wizard.
The orc wizard points at you and mumbles some strange words.
The magic dart hits you!
You die...

.# . ..# .. ... #... ..
#.. #.... .. #.# ..#.#!.
#. ####.######### ..#.# .
#. ##..........).# ... .
#. ##..#..........# ...
..#.##.###.5##..........##
...
........<@.o..............
.##
..#>.#.###.r........###.#.
.# #.. ...
#.###......#..)#. .# .
..... ...# ###....#...#
...##.#.##.# #.####...##
#. #.# ..# #..#⌠..#'##. #
.. .## ....#....§... .. ##
.#.##...§o... ...#...5...


You could see an orc wizard, a rat and a friendly crimson imp.

Vanquished Creatures
  An adder (D:3)
  An ooze (D:2)
  A worm (D:2)
  A dart slug (D:2)
  A leopard gecko (D:3)
  3 giant cockroaches
  2 goblins
  3 hobgoblins (D:2)
  2 jackals (D:1)
  5 bats
  2 frilled lizards
  6 kobolds
  5 rats
33 creatures vanquished.

Vanquished Creatures (collateral kills)
  An adder (D:2)
  3 worms
  A dart slug (D:2)
  An orc (D:3)
  3 hobgoblins (D:2)
  A bat (D:3)
10 creatures vanquished.

Grand Total: 43 creatures vanquished

Notes
Turn   | Place    | Note
-------+----------+-------------------------------------------
     0 | D:1      | birkhead the Octopode Wizard began the quest for the Orb.
     0 | D:1      | Reached XP level 1. HP: 11/11 MP: 4/4
   670 | D:1      | Reached XP level 2. HP: 17/17 MP: 4/6
  1323 | D:1      | Learned a level 2 spell: Slow
  1326 | D:1      | Learned a level 2 spell: Call Imp
  1329 | D:1      | Learned a level 2 spell: Blink
  1760 | D:2      | Reached XP level 3. HP: 12/22 MP: 1/7
  1936 | D:2      | Found an iron altar of Okawaru.
  2459 | D:3      | Noticed Doomgape's ghost (amateur SpAK)
  2472 | D:3      | Reached skill level 1 in Fighting
  2551 | D:3      | Found a snail-covered altar of Cheibriados.
  2824 | D:3      | Reached XP level 4. HP: 24/28 MP: 5/8
  2856 | D:3      | Found a shattered altar of Ashenzari.
  2903 | D:3      | Killed from afar by an orc wizard

Skill      XL: |  1  2  3 |
---------------+----------+-----
Stealth        | 3 |  3.9
Fighting       | 1 |  1.0
Dodging        | |  2.0
Spellcasting   | |  3.2
Conjurations   | |  1.9
Hexes          | |  0.4
Summonings     | |  1.5
Translocations | |  1.3

Action                   |  1- 3 |  4- 6 || total
-------------------------+-------+-------++-------
Melee: Short sword       |    63 |     5 ||    68
       Constrict         |    15 |     2 ||    17
       Tentacles         |    11 |     1 ||    12
Throw: Tomahawk          |    12 |       ||    12
 Cast: Magic Dart        |    40 |       ||    40
       Call Imp          |    22 |     3 ||    25
       Slow              |     1 |     1 ||     2
  Use: Scroll            |     8 |       ||     8
 Stab: Sleeping          |     7 |     1 ||     8
  Eat: Chunk             |     5 |     2 ||     7
Armor: Skin              |     4 |     1 ||     5
Dodge: Dodged            |    51 |     4 ||    55
